 Dungeon Crawl Stone Soup version 0.23-a0-703-gdf2d5e0 (webtiles) character file.

670 XanderDroid the Chopper (level 7, -1/61 HPs)
             Began as a Minotaur Berserker on Jan 13, 2019.
             Was a Priest of Trog.
             Slain by Pikel
             ... wielding a +1 whip of electrocution
              (9 damage)
             ... on level 4 of the Dungeon.
             The game lasted 00:12:54 (3255 turns).

XanderDroid the Chopper (Minotaur Berserker)        Turns: 3255, Time: 00:12:55

Health: -1/61      AC: 11    Str: 22    XL:     7   Next: 32%
Magic:  6/6        EV:  9    Int:  4    God:    Trog [***...]
Gold:   193        SH:  0    Dex: 11    Spells: 6/6 levels left

rFire    . . .     SeeInvis .   a - +0 war axe
rCold    + . .     Gourm    .   (no shield)
rNeg     . . .     Faith    .   t - +0 chain mail
rPois    .         Spirit   .   (helmet restricted)
rElec    .         Reflect  .   q - +0 cloak
rCorr    .         Harm     .   (no gloves)
MR       .....                  (no boots)
Stlth    ..........             (no amulet)
HPRegen  0.20/turn              d - ring of protection from cold
MPRegen  0.10/turn              (no ring)

@: confused
A: retaliatory headbutt, horns 2
a: Berserk, Trog's Hand, Renounce Religion


You were on level 4 of the Dungeon.
You worshipped Trog.
Trog was most pleased with you.
You were not hungry.

You visited 2 branches of the dungeon, and saw 6 of its levels.

You collected 193 gold pieces.

Inventory:

Hand Weapons
 a - a +0 war axe (weapon)
Armour
 q - a +0 cloak (worn)
 t - a +0 chain mail (worn)
Jewellery
 d - a ring of protection from cold (left hand)
Scrolls
 f - 4 scrolls of remove curse
 g - a scroll of enchant armour {unknown}
 l - a scroll of fog {unknown}
 m - a scroll of identify {unknown}
 r - a scroll of random uselessness {unknown}
 s - a scroll of immolation {unknown}
Potions
 e - 2 potions of lignification {unknown}
 i - a potion of magic {unknown}
 j - 2 potions of degeneration {unknown}
 k - 3 potions of heal wounds {unknown}
 n - 5 potions of might {unknown}
 o - 2 potions of flight {unknown}
 p - a potion of curing {unknown}
Comestibles
 b - a chunk of flesh
 c - 5 rations


   Skills:
 + Level 5.6 Fighting
 * Level 7.1 Axes
 + Level 4.9 Armour
 + Level 4.3 Dodging


You had 6 spell levels left.
You didn't know any spells.
Your spell library was empty.

Dungeon Overview and Level Annotations

Branches:
Dungeon (5/15)             Temple (1/1) D:4

Altars:
Ashenzari
Dithmenos
Fedhas
Gozag
Hepliaklqana
Makhleb
Okawaru
Qazlal
Ru
Sif Muna
Vehumet
Wu Jian
Xom
Zin
The Shining One

Annotations:
D:4 Pikel


Innate Abilities, Weirdness & Mutations

You reflexively headbutt those who attack you in melee.
You have a pair of horns on your head.


Message History

You hit the slave but do no damage. You closely miss Pikel.
Pikel hits you but does no damage. Something hits you but does no damage.
Deactivating autopickup; reactivate with Ctrl-A.
The slave hits you. Something hits you but does no damage. The slave hits you.
* * * LOW HITPOINT WARNING * * *
You hear some strange, mumbled words.
You are confused.
Pikel hits you with a +1 whip of electrocution.
* * * LOW HITPOINT WARNING * * *
You're too confused!
You hit something but do no damage. Your headbutt misses something.
You slash the slave! You slash Pikel! You hit the slave but do no damage.
You closely miss something. The slave hits you but does no damage.
Something hits you but does no damage. The slave hits you.
* * * LOW HITPOINT WARNING * * *
Something hits you but does no damage.
Pikel hits you with a +1 whip of electrocution.
* * * LOW HITPOINT WARNING * * *
You are electrocuted!
You die...

################
#...........)..####
####(############....# ### ..##.#
#..........# ##.## .....#
#.###.>....########.#.# ..####
#.###.....#........###(
..#########.#...............## ##
.........##.....Kp...........###.
..######.####..p@...#.###.###.#.#
..# #.......#.####.# #.#.....#
..# #.#####........# #.#.#.#.#
..# #.# #.#.########.#.#.#.# ..#
#.# #....P..P..#.#.#...< ..# #.#
#.#.....P..#.#.###.# ..# #.#
#.#...P>P..#.#.###.# ..#
#.#####.#.#......#.รท.....# ..#
#.......#.#...P..##......#


You could see Pikel and 2 slaves.

Vanquished Creatures
  An ogre (D:4)
  A howler monkey (D:4)
  2 bullfrog zombies (D:5)
  An orc priest (D:4)
  2 centaur skeletons
  A hound (D:4)
  An orc wizard (D:4)
  3 worker ants (D:4)
  A hound skeleton (D:4)
  A worker ant zombie (D:5)
  3 gnolls
  11 adders
  A shadow imp (D:4)
  2 dart slugs
  5 leopard geckos
  7 orcs
  6 bats
  2 giant cockroaches
  11 hobgoblins
  3 jackals (D:1)
  4 quokkas
  2 ball pythons
  4 frilled lizards
  10 goblins
  11 kobolds
  A quokka skeleton (D:4)
  8 rats
  A bush (D:4)
106 creatures vanquished.

Notes
Turn   | Place    | Note
-------+----------+-------------------------------------------
     0 | D:1      | XanderDroid the Minotaur Berserker began the quest for the
                  | Orb.
     0 | D:1      | Reached XP level 1. HP: 19/19 MP: 0/0
    99 | D:1      | Reached XP level 2. HP: 24/27 MP: 1/1
   100 | D:1      | Reached skill level 4 in Axes
   320 | D:1      | Reached XP level 3. HP: 33/33 MP: 2/2
   535 | D:1      | Reached ** piety under Trog
   899 | D:2      | Found a shattered altar of Ashenzari.
   934 | D:2      | Reached XP level 4. HP: 37/40 MP: 3/3
  1182 | D:2      | Reached skill level 5 in Axes
  1190 | D:2      | Found a glowing silver altar of Zin.
  1374 | D:3      | Found an opulent altar of Gozag.
  1778 | D:3      | Reached XP level 5. HP: 39/47 MP: 4/4
  1826 | D:3      | Reached *** piety under Trog
  2091 | D:4      | Found a staircase to the Ecumenical Temple.
  2224 | Temple   | Entered the Ecumenical Temple
  2381 | D:4      | Noticed an ogre
  2388 | D:4      | Killed an ogre
  2388 | D:4      | Reached skill level 5 in Fighting
  2388 | D:4      | Reached skill level 6 in Axes
  2388 | D:4      | Reached XP level 6. HP: 46/56 MP: 0/5
  2672 | D:4      | Found a stormy altar of Qazlal.
  2918 | D:4      | Found a blossoming altar of Fedhas.
  2918 | D:4      | Found a hazy altar of Hepliaklqana.
  2918 | D:4      | Found an iron altar of Okawaru.
  3007 | D:5      | Entered Level 5 of the Dungeon
  3017 | D:5      | Noticed a slave
  3017 | D:5      | Noticed a slave
  3019 | D:5      | Noticed Pikel
  3020 | D:5      | Reached XP level 7. HP: 37/61 MP: 6/6
  3250 | D:5      | Reached skill level 7 in Axes
  3255 | D:4      | Slain by Pikel

Vault maps used:
D:1:      psy_arrival_spokes
D:2:      nicolae_overflow_crystal_walls, zin_treasury, serial_bayou_lake_a
D:3:      grunt_gozag_statues
D:4:      chequers_temple_overflow_statue_of_worship,
          minmay_temple_entry_overgrown, first_ration, grunt_qazlal_sundering
D:5:      lemuel_doored_altar, minmay_a_box_with_orc_wizards_in_it, uniq_pikel,
          uniq_sigmund
Temple:   nicolae_temple_figure_zero

Skill      XL: |  1  2  3  4  5  6  7 |
---------------+----------------------+-----
Axes           | 4 5 6 7 |  7.1
Fighting       | 4 5 |  5.6
Armour         | 3 4 |  4.9
Dodging        | 3 4 |  4.3

Action                   |  1- 3 |  4- 6 |  7- 9 || total
-------------------------+-------+-------+-------++-------
Melee: Hand axe          |    99 |   195 |       ||   294
       Headbutt          |    13 |    75 |     1 ||    89
       War axe           |       |    43 |    17 ||    60
  Use: Scroll            |       |     3 |       ||     3
  Eat: Chunk             |       |     7 |     1 ||     8
Armor: Animal skin       |     3 |       |       ||     3
       Ring mail         |    41 |    20 |       ||    61
       Chain mail        |       |    35 |    47 ||    82
Dodge: Dodged            |    66 |    94 |    31 ||   191

Table legend:
 A = Non-vault XP
 B = Vault XP
 C = Vault XP percentage of total XP
 D = Non-vault monster count
 E = Vault monster count
 F = Vault count percentage of total count
                 A         B        C        D         E       F
            +---------+---------+-------+---------+---------+-------
      Total |     958 |       0 |   0.0 |     105 |       0 |   0.0
            +---------+---------+-------+---------+---------+-------
        D:1 |      51 |       0 |   0.0 |      27 |       0 |   0.0
        D:2 |     100 |       0 |   0.0 |      25 |       0 |   0.0
        D:3 |      83 |       0 |   0.0 |      26 |       0 |   0.0
        D:4 |     547 |       0 |   0.0 |      21 |       0 |   0.0
        D:5 |     177 |       0 |   0.0 |       6 |       0 |   0.0
            +---------+---------+-------+---------+---------+-------
